 Dungeon Crawl Stone Soup version 0.31.0-12-g77e489cdc1 (webtiles) character file.

Game seed: 16852838923098161056

176 DoomGuy the Covered (level 5, 0/41 HPs)
             Began as a Human Fighter on Feb 11, 2024.
             Was a Believer of Uskayaw.
             Slain by a bullfrog (1 damage)
             ... in a sewer.
             The game lasted 00:09:48 (1893 turns).

DoomGuy the Covered (Human Fighter)                 Turns: 1893, Time: 00:09:49

Health: 0/41       AC:  6    Str: 16    XL:     5   Next: 56%
Magic:  3/5        EV:  9    Int: 13    God:    Uskayaw [**....]
Gold:   99         SH:  4    Dex: 12    Spells: 4/4 levels left

rFire   + + .        e - +2 sling of Severance {elec, rF++ Int+2}
rCold   . . .        c - +0 buckler
rNeg    . . .        b - +0 scale mail
rPois   .            (no helmet)
rElec   .            (no cloak)
rCorr   .            (no gloves)
SInv    .            (no boots)
Will    +....        (no amulet) Stlth
                     (no ring)
HPRegen 0.26/turn    (no ring)
MPRegen 0.09/turn

%: no passive effects
@: brilliant, enlightened, flying, studying Throwing
A: explore regen
a: Renounce Religion, Stomp, Line Pass


You were in a sewer.
You worshipped Uskayaw.
Uskayaw was noncommittal.
You visited 1 branch of the dungeon, and saw 3 of its levels.
You also visited: Sewer.

You collected 119 gold pieces.
You spent 20 gold pieces at shops.

Inventory:

Hand Weapons
 e - the +2 sling of Severance (weapon) {elec, rF++ Int+2}
   (You found it on level 2 of the Dungeon)

   Int+2:     It affects your intelligence (+2).
   rF++:      It greatly protects you from fire.
Armour
 b - a +0 scale mail (worn)
 c - a +0 buckler (worn)
Potions
 d - 4 potions of might
 g - a potion of attraction


   Skills:
 * Level 3.6 Fighting
 * Level 2.7 Axes
 * Level 2.1 Ranged Weapons
 * Level 1.8 Throwing
 * Level 3.6 Armour
 * Level 0.9 Dodging
 * Level 1.3 Stealth
 * Level 3.3 Shields


You had 4 spell levels left.
You didn't know any spells.
Your spell library was empty.

Dungeon Overview and Level Annotations

Branches:
Dungeon (3/15)              Sewer (1/1)

Altars:
Uskayaw

Shops:
D:1 ?


Innate Abilities, Weirdness & Mutations

You regain HP and MP as you explore.


Message History

You kill the frilled lizard!
The bullfrog hits you but does no damage.
The bullfrog swells and bulges.
The bullfrog hits you. x2
The bullfrog hits you but does no damage.
The bullfrog hits you.
You aren't carrying any scrolls.
Unknown command.
It was a potion of enlightenment.
You feel very buoyant.
You fly up into the air.
The bullfrog barely misses you. The bullfrog hits you.
* * * LOW HITPOINT WARNING * * *
Unknown command.
Okay, then.
It was a potion of brilliance.
You feel clever all of a sudden. The bullfrog closely misses you.
The bullfrog hits you but does no damage.
The bullfrog completely misses you. The bullfrog hits you.
* * * LOW HITPOINT WARNING * * *
Unknown command.
You feel better.
The bullfrog hits you but does no damage.
The bullfrog hits you.
* * * LOW HITPOINT WARNING * * *
You shoot a sling bullet.
The sling bullet closely misses the bullfrog.
The sling bullet hits the dart slug.
The dart slug is moderately wounded.
The bullfrog barely misses you. The bullfrog hits you.
* * * LOW HITPOINT WARNING * * *
The bullfrog barely misses you. You block the bullfrog's attack.
The bullfrog hits you.
* * * LOW HITPOINT WARNING * * *
You can now pass through a line of other dancers.
Okay, then.
You shoot a sling bullet. The sling bullet hits the bullfrog.
The bullfrog is heavily wounded.
The bullfrog hits you.
You die...

~##~~# #~†###~#~~#
~#..## ##~.~#~#~~# ~#.~#
. #~~∩#~#~~# ~#~~# ~.
#~~~#~#~~# .#~.# ~$.
#†~##.#~~# ~#~†# .?|~
#~~#~~#~~# ~#†~# .))$~
#..#~~#~~# .#~.##
~.?~.~##F.#~~†~~# ~##†~#
~~.~~..wF@#~~.~~#
~~#~~##≈~~~~..l###~~~.~#
~~#~~.##≈~.~~###.#######
~~##~~~#######..~~~#
~~.#~~~~~~~.~.~.~~.#
#..##~~.~~~~~~##~~##
#~.~##.~.~~~.##~~##
#~..~###~~~###~.~#
##~~~~~#####~~~~~#


You could see 2 bullfrogs, a dart slug and a frilled lizard.

Vanquished Creatures
  5 adders
  15 dart slugs
  A ribbon worm (D:3)
  An orc (D:3)
  11 endoplasms
  8 giant cockroaches
  11 goblins
  6 hobgoblins
  3 quokkas
  11 ball pythons
  5 bats
  14 frilled lizards
  4 kobolds
  5 rats
100 creatures vanquished.

Notes
Turn   | Place    | Note
-------+----------+-------------------------------------------
     0 | D:1      | DoomGuy the Human Fighter began the quest for the Orb.
     0 | D:1      | Reached XP level 1. HP: 18/18 MP: 1/1
    33 | D:1      | Reached XP level 2. HP: 7/24 MP: 2/2
   185 | D:2      | Found a faded altar of an unknown god.
   192 | D:2      | Prayed at the altar of an unknown god.
   192 | D:2      | Became a worshipper of Uskayaw the Reveller
   192 | D:2      | Reached * piety under Uskayaw
   226 | D:2      | Reached ** piety under Uskayaw
   229 | D:2      | Reached *** piety under Uskayaw
   260 | D:2      | Reached XP level 3. HP: 29/29 MP: 3/3
   291 | D:2      | Identified the +2 sling of Severance {elec, rF++ Int+2}
   729 | D:1      | Found Lonukki's Magic Scroll Shop.
   762 | D:1      | Bought a scroll of identify for 20 gold pieces
  1112 | D:1      | Reached skill level 1 in Throwing
  1112 | D:1      | Reached XP level 4. HP: 35/35 MP: 4/4
  1183 | D:3      | Reached skill level 1 in Ranged Weapons
  1478 | D:3      | Reached skill level 1 in Stealth
  1521 | D:3      | Found a glowing drain.
  1525 | Sewer    | Entered a sewer
  1552 | Sewer    | Reached XP level 5. HP: 21/41 MP: 3/5
  1892 | Sewer    | HP: 1/41 [bullfrog (4)]
  1893 | Sewer    | Slain by a bullfrog

Illustrated notes

Levels and vault maps discovered:
D:1:      tarquinn_simple_flora_water_e, layout_rooms, serial_shops,
          nicolae_shop_tiny_waterfront
D:2:      layout_rooms, serial_curves, eino_curves_02, eino_curves_03,
          ebering_ecumenical_altar_petrified, minmay_strange_pillars,
          minmay_cupped
D:3:      layout_loops_corners, mainiacjoe_sewer_entry_somewhere_in_here_2,
          serial_glass, glass_columns_b, glass_columns_c, kennysheep_nub
Sewer:    sewer_frog_island_02

Skill      XL: |  1  2  3  4  5 |
---------------+----------------+-----
Throwing       | 1 |  1.8
Ranged Weapons | 1 2 |  2.1
Stealth        | 1 |  1.3
Fighting       | |  3.6
Axes           | |  2.7
Armour         | |  3.6
Dodging        | |  0.9
Shields        | |  3.3

Action                     |  1- 3 |  4- 6 || total
---------------------------+-------+-------++-------
  Melee: War axe           |    49 |       ||    49
   Fire: Sling             |    52 |   133 ||   185
 Invoke: Stomp             |     2 |     3 ||     5
         Line Pass         |       |     1 ||     1
    Use: Scroll            |     4 |     1 ||     5
         Potion            |       |     4 ||     4
 Armour: Scale mail        |    68 |   136 ||   204
  Dodge: Dodged            |    45 |   103 ||   148
  Block: Buckler           |    19 |    37 ||    56
